 Dungeon Crawl Stone Soup version 0.18.1-48-g4cf74bf (webtiles) character file.

169 MovingMist the Covered (level 5, -1/34 HPs)
             Began as a Gargoyle Fighter on Aug 26, 2016.
             Slain by Crazy Yiuf
             ... wielding a +4 quarterstaff of chaos
              (5 damage)
             ... on level 2 of the Dungeon.
             The game lasted 00:05:47 (1515 turns).

MovingMist the Covered (Gargoyle Fighter)           Turns: 1515, Time: 00:05:48

Health: -1/34      AC: 12    Str: 20    XL:     5   Next: 50%
Magic:  3/5        EV: 10    Int:  8    God:
Gold:   132        SH:  0    Dex: 10    Spells: 0 memorised, 4 levels left

rFire  . . .     SeeInvis .     p - +0 whip (flame)
rCold  . . .     Gourm    .     b - +0 scale mail
rNeg   + . .     Faith    .     (no shield)
rPois  ∞         Spirit   .     t - +0 helmet
rElec  +         Dismiss  .     (no cloak)
rCorr  .         Reflect  .     (no gloves)
SustAt .         Harm     .     (no boots)
MR     .....                    q - amulet of regeneration
Stlth  ..........               (no ring)
                                k - ring of wizardry

@: drained, not resistant to hostile enchantments, extremely unstealthy
A: negative energy resistance 1, electricity resistance, unbreathing,
petrification resistance, rot immunity, AC +4
a: no special abilities


You were on level 2 of the Dungeon.
You were not hungry.

You visited 1 branch of the dungeon, and saw 2 of its levels.

You collected 132 gold pieces.

Inventory:

Hand Weapons
 a - a +0 flail
 p - a +0 whip of flaming (weapon)
Armour
 b - a +0 scale mail (worn)
 t - a +0 helmet (worn)
Jewellery
 k - a ring of wizardry (left hand)
 q - an amulet of regeneration (around neck)
Wands
 s - a wand of slowing (18/48)
Scrolls
 g - a scroll of remove curse
Potions
 d - a potion of might
 e - 2 potions of curing {unknown}
 h - 2 potions of magic {unknown}
 j - a potion of lignification {unknown}
 m - a potion of cure mutation {unknown}
 o - a potion of flight {unknown}
 r - a potion of haste {unknown}
Comestibles
 c - 2 fruits
 f - 4 bread rations
 i - a meat ration
 n - a slice of pizza


   Skills:
 + Level 4.4(4.2) Fighting
 + Level 3.0(2.8) Maces & Flails
 + Level 4.4(4.2) Armour
 + Level 1.7(1.5) Dodging
   Level 3.2(3.0) Shields


You had 4 spell levels left.
You didn't know any spells.

Dungeon Overview and Level Annotations

Branches:
Dungeon (2/15)

Altars:

Annotations:
D:2 Crazy Yiuf


Innate Abilities, Weirdness & Mutations

You are resistant to torment.
Your stone body is resilient (AC +4).
You are immune to poison.
You resist negative energy.
You are resistant to electric shocks.
You can survive without breathing.
You are immune to petrification.
You are immune to rotting.


Message History

You hit Crazy Yiuf. You burn Crazy Yiuf.
Crazy Yiuf is heavily wounded.
Crazy Yiuf hits you but does no damage.
You hit Crazy Yiuf but do no damage.
Crazy Yiuf is heavily wounded.
Crazy Yiuf hits you with a quarterstaff of chaos!
You barely miss Crazy Yiuf.
Crazy Yiuf is heavily wounded.
Crazy Yiuf says, "Seed Hive senile!"
Crazy Yiuf hits you with a quarterstaff of chaos!
* * * LOW HITPOINT WARNING * * *
You hit Crazy Yiuf. You burn Crazy Yiuf.
Crazy Yiuf is severely wounded.
Crazy Yiuf hits you with a quarterstaff of chaos!
* * * LOW HITPOINT WARNING * * *
You feel your power leaking away.
You barely miss Crazy Yiuf.
Crazy Yiuf is severely wounded.
Crazy Yiuf hits you with a quarterstaff of chaos.
You die...

######............##
###..
#..)..[####..####.#
### #........###..#
#.# ##.. ##########
#### ########..#
#..#...##
♣♣♣♣♣##........
###**♣♣♣.♣....###....#
#...#♣..♣.♣P...#..##..
#...g@♣♣♣♣PP.....####.
#)..#♣♣ ♣♣P...>## ##
###** ♣♣##### #
####### #...... ####
#### ### ####.#....
##..#
#..###.#####......###
#..##
##.........).##.###
#.## ###....#######.#


You could see Crazy Yiuf.

Vanquished Creatures
  Natasha (thrice) (D:2)
  5 adders (D:2)
  2 oozes (D:2)
  A dart slug (D:1)
  2 giant geckos
  2 giant cockroaches (D:2)
  4 goblins
  2 hobgoblins (D:2)
  5 jackals (D:1)
  A ball python (D:2)
  5 bats
  2 giant newts (D:1)
  3 kobolds (D:2)
  4 rats
  A fungus (D:2)
42 creatures vanquished.

Notes
Turn   | Place    | Note
--------------------------------------------------------------
     0 | D:1      | MovingMist the Gargoyle Fighter began the quest for the Orb.
     0 | D:1      | Reached XP level 1. HP: 14/14 MP: 1/1
   103 | D:1      | Reached XP level 2. HP: 10/19 MP: 2/2
   713 | D:2      | Reached skill level 1 in Dodging
   713 | D:2      | Reached XP level 3. HP: 24/24 MP: 3/3
   835 | D:2      | Noticed Natasha
   845 | D:2      | Killed Natasha
   845 | D:2      | Reached XP level 4. HP: 21/29 MP: 4/4
  1192 | D:2      | Noticed Natasha
  1197 | D:2      | Killed Natasha
  1197 | D:2      | Reached XP level 5. HP: 33/33 MP: 5/5
  1237 | D:2      | Noticed Natasha
  1249 | D:2      | Killed Natasha
  1501 | D:2      | Noticed Crazy Yiuf
  1515 | D:2      | Slain by Crazy Yiuf

Skill      XL: |  1  2  3  4  5 |
---------------+----------------+-----
Dodging        | 1 |  1.7
Fighting       | 4 |  4.4
Armour         | 4 |  4.4
Maces & Flails | 3 |  3.0
Shields        | |  3.2

Action                   |  1- 3 |  4- 6 || total
-------------------------+-------+-------++-------
Melee: Flail             |   108 |    62 ||   170
       Whip              |       |    38 ||    38
  Use: Scroll            |       |     3 ||     3
  Eat: Chunk             |       |     2 ||     2
Armor: Scale mail        |    74 |    49 ||   123
Dodge: Dodged            |    79 |    44 ||   123
